 Dungeon Crawl Stone Soup version 0.29.0-4-gdea44cf6ec (webtiles) character file.

Game seed: 14657075159839702760

63 qw the Chopper (level 4, 0/26 HPs)
             Began as a Tengu Warper on Aug 28, 2022.
             Slain by an orc wizard
             ... wielding a +0 dagger
              (2 damage)
             ... on level 3 of the Dungeon.
             The game lasted 00:00:15 (2600 turns).

qw the Chopper (Tengu Warper)                       Turns: 2600, Time: 00:00:15

Health: 0/26       AC:  3    Str: 13    XL:     4   Next: 10%
Magic:  8/8        EV: 12    Int: 14    God:
Gold:   155        SH:  5    Dex: 19    Spells: 7/7 levels left

rFire   . . .      SeeInvis .   Y - +2 hand axe (vorpal)
rCold   . . .      Faith    .   (no shield)
rNeg    . . .      Spirit   .   b - +0 leather armour
rPois   .          Reflect  +   (helmet restricted)
rElec   .          Harm     .   (no cloak)
rCorr   .          Rampage  .   (no gloves)
Will    .....                   (boots unavailable)
Stlth   +.........              o - amulet of reflection
HPRegen 0.08/turn               d - +6 ring of dexterity
MPRegen 0.11/turn               (no ring)

@: no status effects
A: beak, talons 3, wild magic 1
a: no special abilities


You were on level 3 of the Dungeon.
You visited 1 branch of the dungeon, and saw 3 of its levels.

You collected 155 gold pieces.


Innate Abilities, Weirdness & Mutations

You have a beak for a mouth.
You have claws for feet.
Your spells are a little harder to cast, but a little more powerful.


   Skills:
 - Level 2.0 Fighting
 + Level 4.7 Axes
 - Level 1.0 Throwing
 - Level 1.1 Armour
 - Level 2.1 Dodging
 - Level 2.0 Spellcasting
 - Level 2.4 Translocations


You had 7 spell levels left.
You didn't know any spells.
Your spell library contained the following spells:

 Spells                   Type           Power      Damage    Failure   Level
 Blink                    Tloc           20%        N/A       24%         2
 Gell's Gravitas          Tloc           10%        N/A       43%         3
 Lesser Beckoning         Tloc           10%        N/A       43%         3
 Teleport Other           Tloc           10%        N/A       43%         3
 Manifold Assault         Tloc           10%        N/A       98%         5

Inventory:

Hand Weapons
 h - a +0 mace
 Y - a +2 vorpal hand axe (weapon)
Armour
 b - a +0 leather armour (worn)
Jewellery
 d - a +6 ring of dexterity (left hand)
 e - a ring of fire
 o - an amulet of reflection (around neck)
Scrolls
 a - a scroll of teleportation
Potions
 c - a potion of haste {unknown}
 f - a potion of attraction {unknown}
 g - a potion of flight {unknown}
 i - a potion of degeneration {unknown}
 n - a potion of mutation
 p - 2 potions of curing {unknown}

Dungeon Overview and Level Annotations

Branches:
Dungeon (3/15)

Altars:


Message History

You barely miss something. Your kick misses something. Something hits you.
Something hits you but does no damage.
You closely miss something. You punch something.
You hear some strange, mumbled words.
A puff of flame appears from out of thin air!
The puff of flame reflects off an invisible shield around you!
You hit something. You peck something. Something hits you.
You barely miss something. Your kick misses something.
You hear some strange, mumbled words.
Something tries to affect you, but you resist.
You miss something. Your kick misses something.
You hear some strange, mumbled words.
You are confused.
You're too confused to attack without stumbling around!
There is a strange disturbance nearby!
Something hits you.
You're too confused to attack without stumbling around!
There is a strange disturbance nearby!
Something hits you but does no damage.
You're too confused to attack without stumbling around!
There is a strange disturbance nearby!
Something hits you.
You're too confused to attack without stumbling around!
There is a strange disturbance nearby!
Something hits you but does no damage.
You're too confused to attack without stumbling around!
There is a strange disturbance nearby!
Something hits you.
You're too confused to attack without stumbling around!
There is a strange disturbance nearby!
You feel less confused. Something hits you but does no damage.
You closely miss something. Your kick misses something. You peck something.
Something hits you but does no damage.
You miss something. Something hits you.
You hit something. Something hits you.
You die...

#### # #.. #. #.#
#.##.#######
#.{@.......##
......##.##.#)..#######.
##### #.##.>.#.........
#### #.####...########
.... .(# ##.## ####
#######.# ##### #......#
....# #.###### ###.# #.#


There were no monsters in sight!

Vanquished Creatures
  An adder (D:2)
  A worm (D:2)
  3 dart slugs
  An orc (D:3)
  6 endoplasms
  2 giant cockroaches (D:1)
  A goblin (D:1)
  2 hobgoblins (D:1)
  8 jackals
  3 quokkas (D:1)
  3 ball pythons
  A bat (D:1)
  4 frilled lizards
  3 kobolds (D:1)
  2 rats (D:1)
41 creatures vanquished.

Notes
Turn   | Place    | Note
-------+----------+-------------------------------------------
     0 | D:1      | qw the Tengu Warper began the quest for the Orb.
     0 | D:1      | Reached XP level 1. HP: 12/12 MP: 4/4
     0 | D:1      | 0 ||| qw: Version: 0.1-a-89-g26bdef1
     0 | D:1      | 0 ||| qw: Game counter: 691
     0 | D:1      | 0 ||| qw: Always use a shield: true
     0 | D:1      | 0 ||| qw: God list: Okawaru
     0 | D:1      | 0 ||| qw: Allow faded altars: false
     0 | D:1      | 0 ||| qw: Do Orc after D:15 true
     0 | D:1      | 0 ||| qw: Do second Lair branch before Depths: true
     0 | D:1      | 0 ||| qw: Lair rune preference: random
     0 | D:1      | 0 ||| qw: Plans: Normal
     0 | D:1      | 0 ||| PLANNING D:1-11
    33 | D:1      | 33 ||| Stepping ~*~*~tactically~*~*~ (stealth).
    34 | D:1      | 34 ||| Stepping ~*~*~tactically~*~*~ (stealth).
    35 | D:1      | 35 ||| Stepping ~*~*~tactically~*~*~ (stealth).
    44 | D:1      | 44 ||| Stepping ~*~*~tactically~*~*~ (stealth).
    45 | D:1      | 45 ||| Stepping ~*~*~tactically~*~*~ (stealth).
    72 | D:1      | Reached skill level 3 in Axes
    72 | D:1      | Reached XP level 2. HP: 17/17 MP: 6/6
   171 | D:1      | 171 ||| DROPPING +0 club.
   492 | D:1      | Reached XP level 3. HP: 18/21 MP: 7/7
   551 | D:1      | 551 ||| Stepping ~*~*~tactically~*~*~ (hiding).
   662 | D:1      | 662 ||| Stepping ~*~*~tactically~*~*~ (hiding).
   764 | D:1      | 764 ||| Stepping ~*~*~tactically~*~*~ (hiding).
   866 | D:1      | 866 ||| Stepping ~*~*~tactically~*~*~ (hiding).
   867 | D:1      | 867 ||| Stepping ~*~*~tactically~*~*~ (hiding).
  1063 | D:1      | Reached skill level 4 in Axes
  1355 | D:1      | 1355 ||| UPGRADING to amulet of reflection.
  1360 | D:1      | 1360 ||| DROPPING ring of wizardry.
  1361 | D:1      | 1361 ||| READING 3 scrolls labelled GAONKO OKOCVE.
  1366 | D:1      | 1366 ||| READING 2 scrolls labelled KUNERPH DAOHI.
  1367 | D:1      | 1367 ||| READING 2 scrolls labelled ZEXUKAOJOE.
  1368 | D:1      | 1368 ||| READING scroll of enchant weapon.
  1368 | D:1      | 1368 ||| ENCHANTING +1 hand axe.
  1369 | D:1      | 1369 ||| READING 2 scrolls labelled SACLEFRINU.
  1370 | D:1      | 1370 ||| READING scroll labelled VASIDYL YDOWAA.
  1371 | D:1      | 1371 ||| READING scroll labelled TEHIDW GAQOL.
  1372 | D:1      | 1372 ||| DROPPING scroll of blinking.
  1373 | D:1      | 1373 ||| DROPPING scroll of amnesia.
  1374 | D:1      | 1374 ||| DROPPING scroll of vulnerability.
  1375 | D:1      | 1375 ||| READING 2 scrolls of teleportation.
  1521 | D:2      | 1521 ||| Stepping ~*~*~tactically~*~*~ (hiding).
  1523 | D:2      | 1523 ||| Stepping ~*~*~tactically~*~*~ (hiding).
  2407 | D:2      | 2407 ||| UPGRADING to +6 ring of dexterity.
  2408 | D:2      | 2408 ||| READING scroll labelled IXYGEPYSUC.
  2409 | D:2      | 2409 ||| DRINKING 2 fuming amethyst potions.
  2409 | D:2      | Gained mutation: Your spells are a little harder to cast,
                  | but a little more powerful. [potion of mutation]
  2409 | D:2      | Gained mutation: Your magical capacity is low. (-10% MP)
                  | [potion of mutation]
  2409 | D:2      | Lost mutation: Your magical capacity is low. (-10% MP)
                  | [potion of mutation]
  2440 | D:3      | Reached XP level 4. HP: 26/26 MP: 8/8
  2450 | D:3      | 2450 ||| Stepping ~*~*~tactically~*~*~ (stealth).
  2451 | D:3      | 2451 ||| Stepping ~*~*~tactically~*~*~ (stealth).
  2457 | D:3      | 2457 ||| FLEEEEING.
  2463 | D:3      | 2463 ||| STAIRDANCE
  2493 | D:2      | 2493 ||| DRINKING 2 golden potions.
  2494 | D:2      | 2494 ||| DROPPING potion of brilliance.
  2563 | D:3      | 2563 ||| Stepping ~*~*~tactically~*~*~ (stealth).
  2592 | D:3      | HP: 6/26 [something (4)]
  2599 | D:3      | HP: 2/26 [something (1)]
  2600 | D:3      | Slain by an orc wizard

Levels and vault maps discovered:
D:1:      erik_arrival_blinker_ship, layout_basic, minmay_small_reverse_x
D:2:      layout_basic
D:3:      layout_loops_ring, nicolae_overflow_hidden_temple, nrook_campfire

Skill      XL: |  1  2  3 |
---------------+----------+-----
Axes           | 3 4 |  4.7
Fighting       | |  2.0
Throwing       | |  1.0
Armour         | |  1.1
Dodging        | |  2.1
Spellcasting   | |  2.0
Translocations | |  2.4

Action                   |  1- 3 |  4- 6 || total
-------------------------+-------+-------++-------
Melee: Hand axe          |   103 |    13 ||   116
       Kick              |    23 |     1 ||    24
       Peck              |    13 |     2 ||    15
       Punch             |       |     1 ||     1
Throw: Boomerang         |     7 |       ||     7
  Use: Scroll            |     9 |       ||     9
       Potion            |     1 |     1 ||     2
Armor: Leather armour    |    19 |     5 ||    24
Dodge: Dodged            |    52 |     1 ||    53
Block: Other             |     4 |     2 ||     6
       Reflection        |       |     1 ||     1

Table legend:
 A = Non-vault XP
 B = Vault XP
 C = Vault XP percentage of total XP
 D = Non-vault monster count
 E = Vault monster count
 F = Vault count percentage of total count
                 A         B        C        D         E       F
            +---------+---------+-------+---------+---------+-------
      Total |      85 |       6 |   6.6 |      37 |       4 |   9.8
            +---------+---------+-------+---------+---------+-------
        D:1 |      45 |       6 |  11.8 |      26 |       4 |  13.3
        D:2 |      29 |       0 |   0.0 |       6 |       0 |   0.0
        D:3 |      11 |       0 |   0.0 |       5 |       0 |   0.0
            +---------+---------+-------+---------+---------+-------
